 Dungeon Crawl Stone Soup version 0.24.1-14-gf8d2b509d9 (webtiles) character file.

Game seed: 1271570421926662858, levelgen mode: deterministic

898 Hugehornet the Cleaver (level 8, 0/46 HPs)
             Began as a Gargoyle Fighter on May 20, 2020.
             Was an Initiate of Gozag.
             Slain by Hugehornet's ghost (9 damage)
             ... on level 5 of the Dungeon.
             The game lasted 00:09:18 (5486 turns).

Hugehornet the Cleaver (Gargoyle Fighter)           Turns: 5486, Time: 00:09:19

Health: 0/46       AC: 15    Str: 23    XL:     8   Next: 7%
Magic:  8/8        EV:  5    Int:  8    God:    Gozag
Gold:   217        SH:  0    Dex:  9    Spells: 7/7 levels left

rFire    . . .     SeeInvis .   w - +0 flail (holy)
rCold    . . .     Gourm    .   c - +0 shield
rNeg     + . .     Faith    .   p - +0 chain mail
rPois    ∞         Spirit   .   h - +0 helmet
rElec    +         Reflect  .   (no cloak)
rCorr    .         Harm     .   (no gloves)
MR       .....                  (no boots)
Stlth    ..........             (no amulet)
HPRegen  0.15/turn              g - ring of attention (curse)
MPRegen  0.11/turn              (no ring)

@: confused
A: negative energy resistance 1, electricity resistance, unbreathing,
petrification resistance, rot immunity, AC +5
a: Potion Petition, Call Merchant, Bribe Branch, Renounce Religion


You were on level 5 of the Dungeon.
You worshipped Gozag.
Gozag was aware of your devotion.
You were not hungry.

You visited 2 branches of the dungeon, and saw 6 of its levels.

You collected 288 gold pieces.
You paid 71 gold pieces to Gozag.

Inventory:

Hand Weapons
 a - a +0 war axe
 n - a +1 trident of venom
 w - a +0 flail of holy wrath (weapon)
Missiles
 i - 201 stones (quivered)
 j - 8 boomerangs
 l - 2 throwing nets
 q - 6 poisoned darts
Armour
 c - a +0 shield (worn)
 h - a +0 helmet (worn)
 p - a +0 chain mail (worn)
Jewellery
 e - an uncursed ring of stealth {unknown}
 g - a cursed ring of attention (left hand)
Wands
 y - a wand of digging (4)
Scrolls
 m - a scroll of immolation
 o - a scroll of blinking
 s - a scroll of fear
 v - a scroll of magic mapping {unknown}
Potions
 b - a potion of invisibility
 d - a potion of might
 k - a potion of ambrosia
 r - a potion of brilliance
 t - a potion of haste
 u - a potion of flight
 x - a potion of berserk rage {unknown}
Comestibles
 f - 5 rations


   Skills:
 - Level 3.2 Fighting
 + Level 8.4 Axes
 - Level 3.2 Armour
 - Level 3.2 Shields


You had 7 spell levels left.
You didn't know any spells.
Your spell library was empty.

Dungeon Overview and Level Annotations

Branches:
Dungeon (5/15)             Temple (1/1) D:5

Altars:
Ashenzari
Cheibriados
Dithmenos
Elyvilon
Fedhas
Gozag
Hepliaklqana
Kikubaaqudgha
Makhleb
Nemelex Xobeh
Okawaru
Qazlal
Ru
Sif Muna
Trog
Uskayaw
Vehumet
Wu Jian
Xom
Yredelemnul
Zin
The Shining One

Annotations:
D:5 Hugehornet's ghost, novice GrFi


Innate Abilities, Weirdness & Mutations

You are resistant to torment.
Your stone body is resilient. (AC +5)
You are immune to poison.
You resist negative energy. (rN+)
You are resistant to electric shocks. (rElec)
You can survive without breathing.
You are immune to petrification.
You are immune to rotting.


Message History

* * * LOW HITPOINT WARNING * * *
The worker ant bites you but does no damage.
You hit Hugehornet's ghost but do no damage.
Hugehornet's ghost is almost destroyed.
Hugehornet's ghost hits you but does no damage.
The worker ant bites you but does no damage.
Hugehornet's ghost hits you but does no damage.
You hit Hugehornet's ghost but do no damage.
Hugehornet's ghost is almost destroyed.
The worker ant waves its antennae.
The worker ant bites you but does no damage.
Hugehornet's ghost hits you!
* * * LOW HITPOINT WARNING * * *
The worker ant bites you but does no damage.
You are confused.
You feel invigorated.
The worker ant bites you but does no damage.
Hugehornet's ghost hits you!
You die...
Your body crumbles into a pile of gold.

....# #.......###.# ###.....#
....# #.......#≈#.# ##..###
.#######.......#/#.# #....##
...#...#.......#≈#.#### #..##.#
...............#≈#.##.######.....
#...###..##....#≈#....#..##.....#
.....#..####...#S#..........#.#..
>...##.## #....#W#.....#..###.##.
....##..# ####.a@..#.###..##....#
.#####.### #...#.....###...###...
.####....###...#.............##..
..#.##....###.....#..............
..........##......#.........##.#.
##.......##.......#.........##.##
##.#.........###.............#.##
.....###.#....###.#.#....##.....#
...#..####....##..#.#...........#


You could see a worker ant, Hugehornet's ghost and an adder.

Vanquished Creatures
  An ice beast (D:4)
  An ogre (D:5)
  A centaur (D:4)
  A hound (D:5)
  3 orc priests
  6 orc wizards
  2 iguanas
  2 worker ants (D:4)
  9 adders
  2 shadow imps (D:5)
  An ooze (D:3)
  5 worms
  3 dart slugs
  3 leopard geckos
  29 orcs
  3 ball pythons
  7 giant cockroaches
  8 goblins
  8 hobgoblins
  7 jackals
  A quokka (D:2)
  7 bats
  2 frilled lizards (D:1)
  9 kobolds
  A leopard gecko skeleton (D:4)
  4 rats
126 creatures vanquished.

Notes
Turn   | Place    | Note
-------+----------+-------------------------------------------
     0 | D:1      | Hugehornet the Gargoyle Fighter began the quest for the
                  | Orb.
     0 | D:1      | Reached XP level 1. HP: 14/14 MP: 1/1
    50 | D:1      | Reached skill level 2 in Axes
   198 | D:1      | Reached XP level 2. HP: 19/19 MP: 2/2
   711 | D:1      | Reached skill level 3 in Axes
   729 | D:1      | Reached XP level 3. HP: 23/23 MP: 3/3
  1174 | D:2      | You fall into a shaft and drop 2 floors!
  1200 | D:4      | Reached skill level 4 in Axes
  1200 | D:4      | Reached XP level 4. HP: 17/28 MP: 4/4
  1367 | D:4      | Noticed a centaur
  1375 | D:4      | Killed a centaur
  1375 | D:4      | Reached XP level 5. HP: 19/32 MP: 5/5
  1380 | D:4      | Reached skill level 5 in Axes
  1517 | D:3      | HP: 1/32 [orc/+0 flail (2)]
  1986 | D:2      | Reached XP level 6. HP: 37/37 MP: 6/6
  2415 | D:3      | Reached skill level 6 in Axes
  2424 | D:3      | Found a shadowy altar of Dithmenos.
  2787 | D:3      | Found a shimmering blue altar of Sif Muna.
  3131 | D:4      | Reached XP level 7. HP: 40/41 MP: 7/7
  3563 | D:4      | Reached skill level 7 in Axes
  3944 | D:5      | Entered Level 5 of the Dungeon
  3973 | D:4      | HP: 1/41 [ice beast (7)]
  4518 | D:5      | Reached skill level 8 in Axes
  4578 | D:5      | Found a runed translucent door.
  4579 | D:5      | Noticed Hugehornet's ghost (novice GrFi)
  4609 | D:5      | Found a staircase to the Ecumenical Temple.
  4619 | Temple   | Entered the Ecumenical Temple
  4712 | Temple   | Became a worshipper of Gozag Ym Sagoz the Greedy
  4928 | D:5      | Reached XP level 8. HP: 46/46 MP: 8/8
  5486 | D:5      | Slain by Hugehornet's ghost

Levels and vault maps discovered:
D:1:      minmay_arrival_doors, layout_basic
D:2:      layout_rooms, first_ration
D:3:      layout_basic, marbit_many_paths, minivault_4, grunt_dithmenos_smoke
D:4:      layout_gridville
D:5:      minmay_general_purpose_star, layout_cave_pools,
          minmay_temple_entry_stoned_glass, ebering_ghost_sewer_d,
          kennysheep_generic_room_10
Temple:   kilobyte_greek_temple

Skill      XL: |  1  2  3  4  5  6  7 |
---------------+----------------------+-----
Axes           | 2 3 4 5 6 8 |  8.4
Fighting       | |  3.2
Armour         | |  3.2
Shields        | |  3.2

Action                   |  1- 3 |  4- 6 |  7- 9 || total
-------------------------+-------+-------+-------++-------
Melee: War axe           |   160 |   148 |   142 ||   450
       Flail             |       |       |    49 ||    49
  Use: Scroll            |     2 |     2 |     5 ||     9
       Potion            |       |     2 |     4 ||     6
  Eat: Chunk             |     1 |     7 |     1 ||     9
       Ration            |       |       |     2 ||     2
Armor: Scale mail        |   102 |    39 |       ||   141
       Chain mail        |       |    53 |   131 ||   184
Dodge: Dodged            |    58 |    57 |    44 ||   159
Block: Shield            |    95 |    77 |    88 ||   260
